Zazza, neutral female human Tourist ----------- |.........| |<.........# |.........|# |.........|# -------.---# ## # # # # # # # # ### ---------.- # --- |..........# ##... |.........| |.f.. |.........| |@r.. ----------- ----- Zazza the Rambler Experience level: 2 Strength: 9 Dexterity: 10 Constitution: 16 Intelligence: 16 Wisdom: 10 Charisma: 17 Health: 0(24) Energy: 6(6) Def: 1 Gold: 295 Moves: 5210 Dungeon seed: OWO_JxJy7J42lVSt Game ID: Zazza_1619647076 Your Inventory: Coins $ - 295 gold pieces Weapons a - 32 +2 darts g - a +0 dagger q - 7 +0 darts N - a +1 dagger named bim (weapon in hand) Armor e - an uncursed +0 Hawaiian shirt n - an uncursed +0 pair of low boots y - an uncursed +0 orcish helm (being worn) Comestibles D - 6 uncursed food rations Scrolls t - an uncursed scroll of enchant weapon u - an uncursed scroll of food detection v - an uncursed scroll of enchant armor Potions f - an uncursed potion of speed h - an uncursed potion of extra healing o - a cursed potion of gain ability Rings J - an uncursed ring of protection from shape changers L - an uncursed ring of slow digestion Wands m - a wand of lightning (0:5) p - a wand of secret door detection (0:9) s - a wand of nothing (0:4) H - a wand of enlightenment (0:10) I - a wand of magic missile (0:3) Tools k - an expensive camera (0:71) l - an uncursed credit card U - an uncursed oil lamp (0:0) Spells and supernatural/magical abilities: Name Level Category Fail Memory W - pray for help -- divine ? -- Your skills at the end: Fighting Skills Weapon Skills dart [Basic] Spellcasting Skills Final Attributes: You were haltingly aligned. You were telepathic. You were lucky. You are dead. Vanquished creatures: a shrieker a floating eye a rabid rat a dwarf zombie a wererat an iguana an acid blob a large kobold a hobgoblin 2 giant rats a cave spider a brown mold 3 yellow molds 2 green molds a gnome 8 garter snakes 4 geckos 9 jackals 6 foxes a goblin 2 sewer rats 6 grid bugs 6 lichens a kobold zombie 9 newts 71 creatures vanquished. Voluntary challenges: You had followed a strict vegetarian diet until turn 4294. You used a wielded weapon 7 times, starting on turn 3906. You read items or engraved 12 times, starting on turn 4. You never genocided any monsters. You never polymorphed an object. You changed form 1 time, starting on turn 3796. You used no wishes. You never split a pudding. You wrote Elbereth's name 7 times, starting on turn 4. You never violated your personal moral code. Dungeon overview: The Dungeons of Doom: levels 1 to 8 Level 1 a long staircase Level 2 a general store Level 3 a general store, an altar to The Lady, a fountain stairs to The Gnomish Mines Level 4 a sink Level 5 a general store, an altar to The Lady, some fountains, a sink Level 6 a fountain Level 7 an altar to Offler Level 8 <- You were here The Gnomish Mines: Level 4 stairs to The Dungeons of Doom History has recorded: On T:1 you entered the Dungeons of Doom to retrieve the Amulet of Yendor! On T:144 you reached level 2 of The Dungeons of Doom. On T:664 you reached level 3 of The Dungeons of Doom. On T:856 you reached level 1 of The Gnomish Mines. On T:1135 you reached level 4 of The Dungeons of Doom. On T:2263 you reached level 5 of The Dungeons of Doom. On T:3115 you reached level 6 of The Dungeons of Doom. On T:4672 you reached level 7 of The Dungeons of Doom. On T:5067 you reached level 8 of The Dungeons of Doom. On T:5150 you advanced to experience level 2. Score breakdown: Gold: 0 ( 0 points) Experience: 2 levels ( 5570 points) Exploration: 8 levels ( 15.69%) (11224 points) Discoveries: 12 items ( 4.03%) ( 6020 points) Valuables value: (no points given unless you survive) Artifact value: 0 ( 0 points) Variety of kills: 25 monsters ( 6.56%) ( 7684 points) Turncount: 5210 turns (-1415 points) Survival: died (score multiplied by 80%) Total score: 23266 Latest messages: The rabid rat bites Armand. The rabid rat's bite was poisoned! The gnome lord hits Armand. The rabid rat bites Armand. (2x) The gnome lord hits Armand. (2x) You see here a statue of a red mold. The statue comes to life! The gnome lord misses Armand. (2x) You kill the rabid rat! Welcome to experience level 2. The magic missile bounces! The magic missile hits you! v - a scroll labeled VE FORBRYDERNE. The kitten misses the rabid rat. The rabid rat bites! The kitten misses the rabid rat. (3x) You write in the dust with your fingers. The rabid rat bites! You die... Final status: Aloha Zazza the Tourist, killed by a rabid rat... You died in The Dungeons of Doom on dungeon level 8 with 23266 points, and 295 pieces of gold, after 5210 moves. You were level 2 with a maximum of 24 hit points when you died.